Map: Kairos Junction LE

Players

IIIIIIIIIIII - Winner!

  • Race: Terran Terran
  • League: Diamond
  • Spawn Location: 11:00

PeLLy

  • Race: Zerg Zerg
  • League: Diamond
  • Spawn Location: 5:00

VOD

Have the link to the VOD?

Description

Time

  • Played on: Aug. 17, 2019, 3:21 p.m.
  • Length: 14:53
Show
View Real Time Build Order
Export as new Build Order

IIIIIIIIIIII Terran - Winner!

Build Orders: 1/1/1 

Get SALT Encoding   

  12  0:02  SCV  
  13  0:14  SCV  
  14  0:26  SCV  
  15  0:28  Supply Depot  
  15  0:47  Refinery  
  15  0:50  SCV  
  15  0:52  Barracks  
  15  0:56  Refinery  
  16  1:02  SCV  
  17  1:14  SCV  
  18  1:26  SCV  
  19  1:39  Factory  
  19  1:41  SCV, Supply Depot  
  19  1:42  Marine  
  22  1:54  SCV  
  22  2:00  Marine  
  23  2:06  SCV  
  24  2:17  Marine  
  24  2:18  SCV  
  26  2:23  Starport  
  26  2:25  Factory Tech Lab  
  26  2:32  Orbital Command  
  26  2:35  Marine  
  27  2:46  Siege Tank  
  30  2:53  Marine  
  31  3:03  Starport Tech Lab, Fusion Core  
  31  3:11  Supply Depot  
  31  3:32  SCV, Marine  
  33  3:41  Supply Depot  
  33  3:50  Battlecruiser  
  39  4:03  Widow Mine, Marine  
  39  4:05  Supply Depot  
  42  4:20  Marine  
  43  4:24  Weapon Refit  
  43  4:38  Command Center  
  43  4:49  Marine  
  44  5:16  Battlecruiser  
  44  6:20  Battlecruiser  
  50  6:26  Marine  
  51  6:44  Marine  
  52  7:02  Marine  
  53  7:20  Marine  
  54  7:35  Battlecruiser  
  60  7:38  Marine  
  61  7:56  Marine  
  62  8:13  Marine  
  63  8:31  Marine  
  64  8:39  Battlecruiser  
  70  8:51  Marine  
  66  9:09  Marine  
  60  9:27  Marine  
  59  9:44  Marine  
  60  9:50  Battlecruiser  
  65  10:02  Marine  
  66  10:20  Marine  
  67  10:34  Supply Depot  
  66  10:38  Marine  
  66  10:39  Supply Depot  
  66  10:55  Battlecruiser  
  66  10:56  Marine  
  73  12:03  Battlecruiser  
  79  12:31  Marine  
  80  12:49  Marine  
  81  13:07  Marine  
  82  13:23  Refinery  
  82  13:24  Marine  
  82  13:26  Refinery  
  82  13:42  Marine  
Show
View Real Time Build Order
Export as new Build Order

PeLLy Zerg 

Build Orders: Hatch First 

Get SALT Encoding   

  12  0:01  Drone  
  13  0:15  Overlord  
  13  0:20  Drone  
  14  0:33  Drone x2  
  16  0:41  Drone  
  17  0:53  Hatchery  
  17  0:56  Drone  
  17  1:02  Drone  
  18  1:14  Spawning Pool  
  18  1:17  Extractor  
  18  1:18  Drone  
  17  1:22  Drone  
  18  1:31  Drone  
  19  1:48  Overlord  
  19  1:53  Drone  
  20  2:02  Queen  
  20  2:05  Zergling x2  
  20  2:07  Zergling x2  
  24  2:10  Queen  
  24  2:14  Drone  
  27  2:17  Drone  
  27  2:20  Metabolic Boost  
  28  2:25  Drone  
  29  2:34  Drone  
  29  2:35  Drone  
  31  2:50  Drone x3  
  34  3:02  Hatchery  
  34  3:04  Drone  
  34  3:05  Drone  
  34  3:09  Drone  
  35  3:16  Baneling Nest  
  35  3:17  Drone, Overlord x2  
  35  3:24  Evolution Chamber  
  34  3:28  Evolution Chamber  
  33  3:35  Roach Warren  
  33  3:38  Queen  
  34  3:41  Drone  
  34  3:46  Drone x2  
  34  3:47  Drone  
  38  3:49  Drone  
  39  3:56  Drone x3  
  39  4:02  Zerg Missile Weapons Level 1  
  42  4:05  Zerg Melee Weapons Level 1  
  42  4:10  Drone x2  
  42  4:14  Extractor  
  42  4:15  Extractor  
  42  4:27  Extractor  
  42  4:29  Lair  
  41  4:42  Queen x2  
  41  4:44  Spore Crawler  
  44  4:50  Spore Crawler  
  43  4:55  Drone x10  
  48  5:20  Queen  
  48  5:21  Queen  
  48  5:26  Spore Crawler  
  41  5:51  Queen  
  40  6:11  Drone  
  40  6:12  Drone x16  
  57  6:23  Zerg Missile Weapons Level 2  
  57  6:24  Glial Reconstitution  
  57  6:28  Queen  
  53  6:43  Queen x2  
  54  7:00  Drone x3  
  56  7:05  Extractor x2  
  56  7:06  Spore Crawler  
  56  7:08  Spore Crawler  
  43  7:31  Drone  
  43  7:32  Drone x8  
  43  7:33  Overlord  
  52  7:40  Queen  
  51  7:45  Queen  
  53  7:53  Spore Crawler  
  53  7:56  Spore Crawler  
  53  7:58  Spore Crawler  
  50  7:59  Spore Crawler  
  49  8:06  Spire  
  46  8:24  Roach x7  
  60  8:42  Overlord x3  
  57  8:49  Spine Crawler x2  
  45  9:01  Roach  
  45  9:02  Roach x8  
  53  9:19  Roach x2  
  55  9:25  Extractor x2  
  55  9:29  Queen x2  
  57  9:40  Drone x4  
  61  9:47  Drone  
  61  9:48  Drone x5  
  67  10:00  Spore Crawler  
  67  10:01  Spore Crawler  
  67  10:05  Corruptor  
  67  10:06  Corruptor  
  69  10:07  Corruptor  
  67  10:27  Corruptor  
  45  10:46  Corruptor  
  46  10:50  Drone x5  
  48  11:02  Corruptor  
  46  11:22  Corruptor  
  46  11:23  Hatchery  
  41  11:35  Corruptor  
  42  11:58  Hatchery  
  41  12:01  Drone  
  41  12:02  Drone x2  
  41  12:03  Ravager  
  45  12:11  Hatchery  
  44  12:20  Corruptor  
  46  12:35  Corruptor x2  
  50  12:42  Extractor  
  50  12:43  Hatchery  
  48  12:58  Corruptor  
  48  12:59  Extractor  
  48  13:01  Extractor  
  48  13:09  Spawning Pool  
  48  13:10  Roach x4  
  48  13:11  Roach  
  57  13:16  Roach  
  59  13:41  Roach x3  
  59  13:42  Roach x2  
  59  13:48  Drone x7  
  75  13:57  Corruptor  
  68  14:16  Corruptor x2  
  60  14:23  Corruptor  
Tags
 
Add a new tag
Caveats
  • Supply blocks, unpowered buildings, or Contaminate may cause inaccurate times.
  • Supply counts are checked every 10 seconds.